 Dungeon Crawl Stone Soup version 0.29-a0-233-g1125b37a9b (webtiles) character file.

Game seed: 10417030572196256140

135 iguanaiguana the Changer (level 5, -4/44 HPs)
             Began as a Naga Transmuter on Mar 2, 2022.
             Was an Initiate of Ashenzari.
             Splashed by a jelly's acid (8 damage)
             ... in the Ecumenical Temple.
             The game lasted 00:11:10 (4230 turns).

iguanaiguana the Changer (Naga Transmuter)          Turns: 4230, Time: 00:11:10

Health: -4/44      AC:  3    Str: 13    XL:     5   Next: 18%
Magic:  8/8        EV:  9    Int: 15    God:    Ashenzari [......]
Gold:   184        SH:  0    Dex: 11    Spells: 2/8 levels left

rFire   . . .      SeeInvis +     - Unarmed
rCold   . . .      Faith    .   (no shield)
rNeg    . . .      Spirit   .   a - +0 robe
rPois   +          Reflect  .   (helmet currently unavailable)
rElec   .          Harm     .   (no cloak)
rCorr   .          Rampage  .   e - +0 pair of gloves
Will    .....                   (no barding)
Stlth   +.........              (no amulet)
HPRegen 0.14/turn               (no ring)
MPRegen 0.11/turn               (no ring)

@: appendages, very slow
A: horns 2, AC +1, large, see invisible, deformed body, poison resistance,
slowness 2, spit poison 1, naga tail 1
a: Spit Poison, End Transformation, Renounce Religion


You were in the Ecumenical Temple.
You worshipped Ashenzari.
Ashenzari was noncommittal.
You had temporarily grown beastly horns.
You visited 2 branches of the dungeon, and saw 5 of its levels.

You collected 184 gold pieces.

Inventory:

Missiles
 o - 6 poisoned darts
Armour
 a - a +0 robe (worn)
 e - a +0 pair of gloves (worn)
Jewellery
 n - a ring of flight
Wands
 l - a wand of flame (11)
Scrolls
 c - a scroll of magic mapping {@r5}
 d - a scroll of teleportation {unknown}
 f - a scroll of vulnerability {unknown}
 k - a scroll of summoning {unknown}
 r - a scroll of holy word {unknown}
Potions
 b - a potion of attraction {unknown}
 g - a potion of mutation {unknown}
 i - a potion of cancellation {unknown}
 j - 2 potions of heal wounds {@q2}
 m - a potion of flight {unknown}
 p - a potion of haste {unknown}
 q - 2 potions of curing {@q1}


   Skills:
 - Level 1.0 Fighting
 - Level 1.5 Dodging
 + Level 3.4 Unarmed Combat
 - Level 2.0 Spellcasting
 * Level 4.6 Transmutations
 + Level 1.5 Poison Magic


You had 2 spell levels left.
You knew the following spells:

 Your Spells              Type           Power      Damage    Failure   Level
a - Beastly Appendage     Tmut           30%        N/A       3%          1
b - Wereblood             Tmut           15%        N/A       4%          2
c - Spider Form           Tmut/Pois      10%        N/A       19%         3

Your spell library contained the following spells:

 Spells                   Type           Power      Damage    Failure   Level
 Slow                     Hex            4%         N/A       22%         1
 Confusing Touch          Hex            1%         N/A       54%         3
 Dazzling Flash           Conj/Hex       2%         N/A       54%         3
 Vampiric Draining        Necr           1%         2d6       54%         3
 Ice Form                 Ice/Tmut       8%         N/A       65%         4
 Agony                    Necr           1%         N/A       99%         5
 Silence                  Hex/Air        0%         N/A       99%         5


Dungeon Overview and Level Annotations

Branches:
Dungeon (5/15)             Temple (1/1) D:5

Altars:
Ashenzari
Dithmenos
Fedhas
Gozag
Hepliaklqana
Kikubaaqudgha
Nemelex Xobeh
Qazlal
Ru
Sif Muna
Trog
Uskayaw
Wu Jian
Xom
Zin
The Shining One

Annotations:
D:5 exclusion: oklob sapling


Innate Abilities, Weirdness & Mutations

You have temporarily grown beastly horns.
Your serpentine skin is tough. (AC +1)
You have supernaturally acute eyesight. (SInv)
Armour fits poorly on your strangely shaped body.
Your system is resistant to poisons. (rPois)
You cover ground very slowly.
You can spit poison.
You have a snake-like lower body.


Message History

The gnoll hits you from afar with a +0 spear!
The gnoll shaman hits the plant with a +0 club.
The plant begins to die.
The adder bites the plant.
You hit the oklob sapling but do no damage.
The oklob sapling is almost destroyed.
A nearby plant withers and dies. x2
The oklob sapling spits acid at you. The splash of acid hits you!!
* * * LOW HITPOINT WARNING * * *
The gnoll hits you but does no damage.
The gnoll shaman hits the plant with a +0 club!
The plant begins to die.
You hit the oklob sapling.
You headbutt the oklob sapling, but do no damage.
The oklob sapling is almost destroyed.
A nearby plant withers and dies.
The gnoll closely misses you.
An iguana comes into view.
The gnoll closely misses you.
The gnoll shaman hits the plant with a +0 club!
The gnoll hits the plant with a +0 flail.
The plant begins to die.
The iguana hisses angrily.
The ogre hits the plant with a +0 giant club!
The plant begins to die.
The gnoll hits you with a +0 whip.
* * * LOW HITPOINT WARNING * * *
The jelly hits you but does no damage. The gnoll hits you but does no damage.
The gnoll hits the plant with a +0 flail!
The gnoll shaman hits the plant with a +0 club.
You climb downwards.
Welcome back to the Ecumenical Temple!
There is a staircase back to the Dungeon here.
The jelly hits you.
* * * LOW HITPOINT WARNING * * *
You are splashed with acid!
* * * LOW HITPOINT WARNING * * *
The gnoll hits you with a +0 whip.
* * * LOW HITPOINT WARNING * * *
The jelly hits you.
* * * LOW HITPOINT WARNING * * *
You are splashed with acid!
You die...

###............#.....⌠...#. ##
###......###......._.#.#._.#.
.####......##...##...#...⌠.....#.
..........#.......#...#.....#.#..
..........#.......#...#..._...#..
.........#.........#...##...##...
.###.....#....<....#.....###.....
#...##...#.....gJ..#.............
.._...#...#.....@.#..............
#.....#...#.......#..............
...⌠...#...##...##......####.....
.#.#._.......###......### ###...
.⌠.....#............### ###.
....#.#...........### ##
.._...#.......#####
#...##......### .#.#......###


You could see a jelly and a gnoll.

Vanquished Creatures
  Natasha (thrice) (D:2)
  An adder (D:2)
  An ufetubus (D:3)
  A worm (D:3)
  5 endoplasms
  A giant cockroach (D:1)
  4 goblins
  5 hobgoblins
  5 quokkas
  3 ball pythons
  5 bats
  3 frilled lizards (D:1)
  7 kobolds
  3 rats
47 creatures vanquished.

Vanquished Creatures (others)
  7 plants (D:5)
7 creatures vanquished.

Grand Total: 54 creatures vanquished

Notes
Turn   | Place    | Note
-------+----------+-------------------------------------------
     0 | D:1      | iguanaiguana the Naga Transmuter began the quest for the
                  | Orb.
     0 | D:1      | Reached XP level 1. HP: 18/18 MP: 3/3
   338 | D:1      | Reached XP level 2. HP: 11/25 MP: 3/5
   589 | D:1      | Learned a level 2 spell: Wereblood
   898 | D:1      | Reached skill level 3 in Transmutations
  1485 | D:1      | Found a faded altar of an unknown god.
  1488 | D:1      | Prayed at the altar of an unknown god.
  1488 | D:1      | Became a worshipper of the Shining One
  1488 | D:1      | Reached * piety under the Shining One
  1675 | D:1      | Reached XP level 3. HP: 31/31 MP: 4/6
  2335 | D:2      | Noticed Natasha
  2339 | D:2      | Killed Natasha
  2340 | D:2      | Reached skill level 4 in Transmutations
  2340 | D:2      | Reached XP level 4. HP: 32/38 MP: 5/7
  2498 | D:2      | Noticed Natasha
  2507 | D:2      | Killed Natasha
  2997 | D:2      | Noticed Natasha
  3001 | D:2      | Killed Natasha
  3002 | D:2      | Reached skill level 1 in Poison Magic
  3002 | D:2      | Reached XP level 5. HP: 26/44 MP: 6/8
  3719 | D:3      | Learned a level 3 spell: Spider Form
  3969 | D:3      | You fall into a shaft and drop 2 floors!
  3969 | D:5      | Entered Level 5 of the Dungeon
  3969 | D:5      | Reached ** piety under the Shining One
  3969 | D:5      | Found a staircase to the Ecumenical Temple.
  3972 | Temple   | Entered the Ecumenical Temple
  4196 | Temple   | Fell from the grace of the Shining One
  4196 | Temple   | Became a worshipper of Ashenzari the Shackled
  4221 | D:5      | Noticed an ogre
  4230 | Temple   | Splashed by a jelly's acid

Illustrated notes

Levels and vault maps discovered:
D:1:      noname_arrival_rooms_in_the_neighbourhood, layout_basic,
          chequers_ecumenical_altar_grove, minmay_pentomino_s2
D:2:      layout_basic, kennysheep_path_1, uniq_natasha
D:3:      layout_loops_cross, kennysheep_slug_shrine
D:5:      layout_rooms, minmay_temple_entry_oklob
Temple:   regret_index_temple_sphere_string

Skill      XL: |  1  2  3  4 |
---------------+-------------+-----
Transmutations | 3 4 |  4.6
Poison Magic   | 1 |  1.5
Fighting       | |  1.0
Dodging        | |  1.5
Unarmed Combat | |  3.4
Spellcasting   | |  2.0

Action                   |  1- 3 |  4- 6 || total
-------------------------+-------+-------++-------
Melee: Unarmed           |    96 |    38 ||   134
       Headbutt          |     8 |     6 ||    14
       Punch             |       |     2 ||     2
 Cast: Beastly Appendage |    28 |     9 ||    37
       Wereblood         |     2 |     2 ||     4
       Spider Form       |       |     3 ||     3
 Abil: Spit Poison       |     3 |     3 ||     6
  Use: Scroll            |       |     3 ||     3
Armor: Robe              |    17 |    12 ||    29
Dodge: Dodged            |    35 |    12 ||    47

Table legend: (Time is in decaauts)
 A = Elapsed time spent in this place.
 B = Non-inter-level travel time spent in this place.
 C = Inter-level travel time spent in this place.
 D = Time resting spent in this place.
 E = Time spent auto-exploring this place.
 F = Levels seen in this place.
 G = Mean time per level.
                   A        B        C        D        E       F      G
               +--------+--------+--------+--------+--------+-----+--------+
         Total |   5081 |   4840 |    241 |    462 |   3902 |   5 | 1016.2 |
       Dungeon |   4735 |   4620 |    115 |    462 |   3711 |   4 | 1183.8 |
        Temple |    346 |    220 |    126 |      0 |    190 |   1 |  346.0 |
               +--------+--------+--------+--------+--------+-----+--------+

Top non-repeatable levels by time:
     D:1: 2081 daAuts
     D:2: 1908 daAuts
     D:3: 733 daAuts
  Temple: 346 daAuts
     D:5: 12 daAuts
